 Dungeon Crawl Stone Soup version 0.30-a0-170-g85af917532 (webtiles) character file.

Game seed: 16955626129163166750

1532 LnG the Covert (level 9, 0/48 HPs)
             Began as a Kobold Summoner on Sept 30, 2022.
             Slain by an unseen horror (3 damage)
             ... on level 6 of the Dungeon.
             The game lasted 00:17:08 (6984 turns).

LnG the Covert (Kobold Summoner)                    Turns: 6984, Time: 00:17:10

Health: 0/48       AC:  7    Str:  6    XL:     9   Next: 10%
Magic:  10/16      EV: 16    Int: 20    God:
Gold:   263        SH:  0    Dex: 15    Spells: 4/17 levels left

rFire   . . .      SeeInvis .    g - +0 dagger
rCold   . . .      Faith    .    (no shield)
rNeg    . . .      Spirit   .    a - +2 robe
rPois   +          Reflect  .    t - +1 helmet of Impermeability {rPois}
rElec   .          Harm     .    (no cloak)
rCorr   .          Rampage  .    y - +0 pair of gloves
Will    .....                    (no boots)
Stlth   ++++++....               (no amulet)
HPRegen 0.16/turn                (no ring)
MPRegen 0.15/turn                (no ring)

@: studying Stealth
A: small, no large weapons, nightstalker 3
a: no special abilities


You were on level 6 of the Dungeon.
You visited 1 branch of the dungeon, and saw 6 of its levels.

You collected 263 gold pieces.

Inventory:

Hand Weapons
 g - a +0 dagger (weapon)
Armour
 a - a +2 robe (worn)
 t - the +1 helmet of Impermeability (worn) {rPois}
   (You found it on level 3 of the Dungeon)

   rPois:     It protects you from poison.
 y - a +0 pair of gloves (worn)
Jewellery
 l - an amulet of faith
 q - a +4 ring of evasion
Wands
 d - a wand of light (8)
 u - a wand of flame (35)
 w - a wand of digging (8)
Scrolls
 n - a scroll of fog
 o - a scroll of poison
 r - a scroll of vulnerability
 s - a scroll of silence
 v - 2 scrolls of brand weapon
Potions
 b - a potion of magic
 e - a potion of berserk rage
 f - 6 potions of curing
 h - 4 potions of brilliance
 i - a potion of mutation
 j - 2 potions of resistance {unknown}
 k - a potion of degeneration {unknown}
 m - a potion of attraction {unknown}
 p - a potion of lignification {unknown}
 x - 3 potions of might {unknown}


   Skills:
 + Level 1.9 Fighting
 + Level 4.1 Short Blades
 + Level 5.2 Dodging
 + Level 13.5 Stealth
 + Level 0.3 Unarmed Combat
 + Level 4.8 Spellcasting
 + Level 5.8 Summonings


You had 4 spell levels left.
You knew the following spells:

 Your Spells              Type           Power      Damage    Failure   Level
a - Summon Small Mammal   Summ           100%       N/A       1%          1
b - Call Imp              Summ           28%        N/A       1%          2
c - Call Canine Familiar  Summ           28%        N/A       3%          3
d - Summon Guardian Gole  Hex/Summ       16%        N/A       11%         3
e - Summon Lightning Spi  Summ/Air       16%        N/A       34%         4

Your spell library contained the following spells:

 Spells                   Type           Power      Damage    Failure   Level
 Necrotise                Necr           16%        1d4       12%         1
 Poisonous Vapours        Pois/Air       8%         N/A       19%         2
 Vampiric Draining        Necr           4%         2d6       34%         3
 Petrify                  Tmut/Erth      4%         N/A       75%         4
 Agony                    Necr           4%         N/A       97%         5
 Iron Shot                Conj/Erth      2%         9d2       100%        6
 Lehudib's Crystal Spear  Conj/Erth      2%         10d2      100%        8


Dungeon Overview and Level Annotations

Branches:
Dungeon (6/15)
 Temple: D:4-7

Altars:
Gozag
Vehumet

Shops:
D:3 (

Annotations:
D:6 2 runed translucent doors


Innate Abilities, Weirdness & Mutations

You are small and have problems with some larger weapons.
You are completely attuned to the shadows.


Message History

You feel better. Something hits you but does no damage. Something hits you.
* * * LOW HITPOINT WARNING * * *
You feel better. Something hits you.
* * * LOW HITPOINT WARNING * * *
Something hits you.
* * * LOW HITPOINT WARNING * * *
You swap places.
Something barely misses your crimson imp. x2
You swap places.
Something closely misses your crimson imp.
Something hits your crimson imp. x2
Casting: Summon Guardian Golem (dangerous; 11% risk of failure)
Confirm with . or Enter, or press ? or * to list all spells.
Something closely misses your crimson imp.
Something hits your crimson imp.
Something closely misses your crimson imp.
You swap places.
Something hits your guardian golem but does no damage.
Something hits your crimson imp! Something hits your crimson imp.
Something completely misses your crimson imp.
Something hits your crimson imp!
Your hound bites something but does no damage. x2
Your guardian golem disappears in a puff of smoke!
Something hits your hound. x2
Something closely misses your crimson imp.
Your hound bites something but does no damage.
Something closely misses your crimson imp.
Your hound bites something but does no damage.
Something closely misses your hound.
Your hound bites something but does no damage.
Something hits your crimson imp. Something hits your crimson imp!
Your crimson imp dies!
Your crimson imp disappears in a puff of smoke!
Casting: Call Canine Familiar (dangerous; 3% risk of failure)
Confirm with . or Enter, or press ? or * to list all spells.
A beastly little devil appears in a puff of flame.
Something hits you.
* * * LOW HITPOINT WARNING * * *
Something hits you.
You die...

#....##.# #.##....##
#.####>###."..#
#.##...# ###..######
#.##.### #.##...[# .
#.##.# #.#..#######
.8 #.##.#
#.#h##)#.'.##++#
#....#
#.#{#h#..#......
###..#
#.#@####†#.##### #..#
#.##.5..##.# #..####
#..######..#
#.....#####........##
#.........####..####
##....#....# #.##
..........#. #.# ###
##..#._.#.# ##.# #..
#.††.....# ... #####
#.#


You could see a friendly hound (summoned) and a friendly crimson imp (summoned).

Vanquished Creatures
  3 ice beasts (D:6)
  A centaur (D:6)
  A scorpion (D:4)
  Dowan (D:4)
  A jelly (D:6)
  A hound (D:4)
  Jessica (D:3)
  Terence (D:3)
  4 iguanas
  An orc wizard (D:6)
  14 adders
  2 white imps
  A worm (D:3)
  4 dart slugs
  8 orcs
  9 ball pythons
  5 endoplasms
  5 giant cockroaches
  2 goblins
  2 hobgoblins (D:2)
  3 jackals
  3 kobolds
  3 quokkas
  6 bats
  2 frilled lizards (D:2)
  5 rats
89 creatures vanquished.

Vanquished Creatures (collateral kills)
  An ogre (D:6)
  3 scorpions
  A necrophage (D:6)
  2 jellies
  2 iguanas
  Natasha (twice) (D:3)
  An adder (D:5)
  A shadow imp (D:6)
  A dart slug (D:1)
  2 orcs (D:5)
  3 ball pythons
  A bat (D:1)
  An endoplasm (D:4)
  A giant cockroach (D:1)
  3 goblins (D:4)
  2 jackals (D:2)
  A quokka (D:5)
  2 kobolds
  A rat (D:1)
31 creatures vanquished.

Vanquished Creatures (others)
  Duvessa (D:4)
1 creature vanquished.

Grand Total: 121 creatures vanquished

Notes
Turn   | Place    | Note
-------+----------+-------------------------------------------
     0 | D:1      | LnG the Kobold Summoner began the quest for the Orb.
     0 | D:1      | Reached XP level 1. HP: 10/10 MP: 3/3
   359 | D:1      | Reached XP level 2. HP: 15/15 MP: 3/5
   585 | D:1      | Found a faded altar of an unknown god.
   769 | D:1      | Learned a level 2 spell: Call Imp
  1438 | D:2      | Found a radiant altar of Vehumet.
  1440 | D:2      | Reached XP level 3. HP: 19/19 MP: 6/6
  1447 | D:2      | Learned a level 3 spell: Call Canine Familiar
  1810 | D:2      | Reached skill level 3 in Stealth
  2187 | D:2      | Reached XP level 4. HP: 24/24 MP: 7/7
  2244 | D:2      | Reached skill level 1 in Short Blades
  2244 | D:2      | Reached skill level 4 in Stealth
  2333 | D:3      | Noticed Natasha
  2343 | D:3      | Killed Natasha
  2467 | D:3      | Reached skill level 5 in Stealth
  2467 | D:3      | Reached XP level 5. HP: 28/28 MP: 9/9
  2560 | D:3      | Reached skill level 6 in Stealth
  2690 | D:3      | Noticed Natasha
  2703 | D:3      | Killed Natasha
  2878 | D:3      | Noticed Terence
  2882 | D:3      | Killed Terence
  2883 | D:3      | Reached skill level 7 in Stealth
  2883 | D:3      | Reached XP level 6. HP: 33/33 MP: 10/10
  2889 | D:3      | Noticed Jessica
  2894 | D:3      | Killed Jessica
  2895 | D:3      | Reached skill level 1 in Fighting
  3062 | D:3      | Identified the +1 helmet of Impermeability {rPois}
  3295 | D:3      | Found Meky's Weapon Shoppe.
  3450 | D:3      | Got Sif Muna's Lessons on Iron Poison
  3619 | D:4      | Reached skill level 8 in Stealth
  3823 | D:4      | Noticed Duvessa
  3826 | D:4      | Noticed Dowan
  4318 | D:4      | Reached XP level 7. HP: 28/38 MP: 11/11
  4647 | D:4      | Killed Dowan
  4648 | D:4      | Reached skill level 9 in Stealth
  4769 | D:3      | Learned a level 3 spell: Summon Guardian Golem
  5235 | D:4      | Killed Duvessa
  5236 | D:4      | Reached skill level 5 in Summonings
  5352 | D:5      | Entered Level 5 of the Dungeon
  5352 | D:5      | Found an opulent altar of Gozag.
  5501 | D:5      | Reached skill level 10 in Stealth
  5501 | D:5      | Reached XP level 8. HP: 43/44 MP: 7/13
  6451 | D:6      | Reached skill level 11 in Stealth
  6577 | D:6      | Reached skill level 5 in Dodging
  6797 | D:6      | Learned a level 4 spell: Summon Lightning Spire
  6804 | D:6      | Found a radiant altar of Vehumet.
  6898 | D:6      | Found a large runed translucent door.
  6898 | D:6      | Found a large runed translucent door.
  6907 | D:6      | Reached skill level 12 in Stealth
  6935 | D:6      | Reached skill level 13 in Stealth
  6935 | D:6      | Reached XP level 9. HP: 48/48 MP: 16/16
  6984 | D:6      | Slain by an unseen horror

Illustrated notes

Levels and vault maps discovered:
D:1:      dpeg_arrival_chambers_temple_mockup, layout_loops_cross,
          shapermc_ecumenical_altar_totnotflames, nicolae_hexahallways
D:2:      layout_loops_ring, basic_altar, minmay_tiny_reverse_x
D:3:      layout_basic, serial_shops, nicolae_shop_bloodbath_and_beyond,
          minmay_snake_closets, uniq_terence, uniq_jessica, uniq_natasha
D:4:      layout_loops_ring, chequers_arboretum, uniq_duvessa
D:5:      layout_loops_cross, general_overflow_altar
D:6:      layout_loops_ring, vehumet_altar_wand_db,
          minmay_hollow_rounded_squares, uniq_crazy_yiuf_cottage

Skill      XL: |  1  2  3  4  5  6  7  8 |
---------------+-------------------------+-----
Dodging        | 3 4 5 |  5.2
Stealth        | 3 5 7 8 10 13 | 13.5
Short Blades   | 1 2 3 4 |  4.1
Fighting       | 1 |  1.9
Spellcasting   | 3 4 |  4.8
Summonings     | 5 |  5.8
Unarmed Combat | |  0.3

Action                   |  1- 3 |  4- 6 |  7- 9 || total
-------------------------+-------+-------+-------++-------
Melee: Unarmed           |    21 |       |       ||    21
       Punch             |     1 |     1 |     2 ||     4
       Dagger            |    69 |   112 |   149 ||   330
 Cast: Summon Small Mamm |    13 |       |     2 ||    15
       Call Imp          |     1 |     2 |     9 ||    12
       Call Canine Famil |     1 |     5 |    16 ||    22
       Summon Guardian G |       |       |     2 ||     2
  Use: Scroll            |     5 |     4 |     8 ||    17
       Potion            |       |     2 |     5 ||     7
 Stab: Sleeping          |    18 |    22 |    23 ||    63
       Distracted        |       |       |     2 ||     2
Armor: Robe              |    22 |    21 |    35 ||    78
Dodge: Dodged            |    78 |    79 |    82 ||   239

Table legend: (Time is in decaauts)
 A = Elapsed time spent in this place.
 B = Non-inter-level travel time spent in this place.
 C = Inter-level travel time spent in this place.
 D = Time resting spent in this place.
 E = Time spent auto-exploring this place.
 F = Levels seen in this place.
 G = Mean time per level.
                   A        B        C        D        E       F      G
               +--------+--------+--------+--------+--------+-----+--------+
         Total |   6945 |   6511 |    434 |   1360 |   3971 |   6 | 1157.5 |
       Dungeon |   6945 |   6511 |    434 |   1360 |   3971 |   6 | 1157.5 |
               +--------+--------+--------+--------+--------+-----+--------+

Top non-repeatable levels by time:
     D:3: 1707 daAuts
     D:1: 1388 daAuts
     D:4: 1298 daAuts
     D:5: 1023 daAuts
     D:2: 938 daAuts
     D:6: 590 daAuts
